 Dungeon Crawl Stone Soup version 0.29.1-15-g9cfb28693d (webtiles) character file.

Game seed: 5618256276584889268

11094 Eitelfritz the Cleaver (level 11, -3/150 HPs)
             Began as a Minotaur Fighter on Mar 19, 2023.
             Was a Believer of Uskayaw.
             Slain by a five-headed hydra (7 damage)
             ... on level 11 of the Dungeon.
             The game lasted 00:19:06 (9881 turns).

Eitelfritz the Cleaver (Minotaur Fighter)           Turns: 9881, Time: 00:19:08

Health: -3/150     AC: 14    Str: 21    XL:     11   Next: 44%
Magic:  13/13      EV: 11    Int:  9    God:    Uskayaw [**....]
Gold:   180        SH:  0    Dex: 10    Spells: 10/10 levels left

rFire   . . .      SeeInvis .   v - +0 scimitar (flame)
rCold   . . .      Faith    .   (no shield)
rNeg    . . .      Spirit   .   p - +2 scale mail {rPois}
rPois   +          Reflect  .   (helmet restricted)
rElec   .          Harm     .   w - +2 cloak
rCorr   .          Rampage  .   (no gloves)
Will    .....                   (no boots)
Stlth   ..........              r - amulet of regeneration
HPRegen 1.15/turn               (no ring)
MPRegen 0.13/turn               (no ring)

@: berserking, very quick
A: horns 2, retaliatory headbutt
a: Renounce Religion, Stomp, Line Pass


You were on level 11 of the Dungeon.
You worshipped Uskayaw.
Uskayaw was noncommittal.
You visited 2 branches of the dungeon, and saw 12 of its levels.

You collected 408 gold pieces.
You spent 228 gold pieces at shops.

Inventory:

Hand Weapons
 a - a +3 battleaxe of electrocution
 b - a +0 arbalest
 v - a +0 scimitar of flaming (weapon)
 A - a +0 morningstar
 G - a +0 war axe
 H - a +0 war axe
Missiles
 h - 32 poisoned darts (quivered)
Armour
 c - a +0 buckler
 p - a +2 scale mail of poison resistance (worn)
 u - a +0 plate armour
 w - a +2 cloak (worn)
 x - +0 steam dragon scales
Jewellery
 g - the ring of Circularity {Fly rElec rPois rF- rCorr}
   (You acquired it on level 4 of the Dungeon)

   [ring of flight]

   rF:        It makes you vulnerable to fire.
   rElec:     It insulates you from electricity.
   rPois:     It protects you from poison.
   Fly:       It grants you flight.
   rCorr:     It protects you from acid and corrosion.
 m - a ring of magical power
 r - an amulet of regeneration (around neck)
 y - an amulet of guardian spirit
Wands
 q - a wand of charming (1)
 B - a wand of roots (11)
 E - a wand of digging (7)
 K - a wand of flame (9)
 L - a wand of mindburst (4)
 M - a wand of polymorph (3)
Scrolls
 i - 8 scrolls of teleportation
 n - a scroll of magic mapping
 z - a scroll of butterflies
 I - a scroll of enchant armour
Potions
 d - 3 potions of might
 e - a potion of cancellation
 k - 2 potions of flight
 l - 3 potions of ambrosia
 o - 2 potions of haste
 s - 2 potions of brilliance
 t - 5 potions of curing
 C - a potion of mutation
 D - a potion of lignification {unknown}
 F - 3 potions of magic
 J - a potion of attraction {unknown}


   Skills:
 + Level 10.2 Fighting
 + Level 14.3 Axes
 + Level 0.1 Ranged Weapons
 + Level 9.8 Armour
 + Level 4.3 Dodging
 + Level 2.5 Stealth
 + Level 6.8 Shields
 * Level 4.1 Invocations


You had 10 spell levels left.
You didn't know any spells.
Your spell library contained the following spells:

 Spells                   Type           Power      Damage    Failure   Level
 Slow                     Hex            0%         N/A       67%         1
 Confusing Touch          Hex            0%         N/A       95%         3
 Gell's Gravitas          Tloc           0%         N/A       95%         3
 Ignite Poison            Fire/Tmut/Pois 0%         N/A       95%         3
 Mephitic Cloud           Conj/Pois/Air  0%         N/A       95%         3
 Portal Projectile        Hex/Tloc       0%         N/A       95%         3
 Teleport Other           Tloc           0%         N/A       95%         3
 Tukima's Dance           Hex            0%         N/A       95%         3
 Vampiric Draining        Necr           0%         2d6       95%         3
 Corpse Rot               Necr/Pois/Air  0%         N/A       100%        4
 Summon Lightning Spire   Summ/Air       0%         N/A       100%        4
 Blade Hands              Tmut           0%         N/A       100%        5
 Freezing Cloud           Conj/Ice/Air   0%         6-21      100%        5
 Dispersal                Tloc           0%         N/A       100%        6
 Lehudib's Crystal Spear  Conj/Erth      0%         10d2      100%        8
 Maxwell's Capacitive Co  Air            0%         ∞         100%        8
 Chain Lightning          Conj/Air       0%         N/A       100%        9


Dungeon Overview and Level Annotations

Branches:
Dungeon (11/15)            Temple (1/1) D:7             Orc (0/2) D:9
   Lair: D:8-11

Altars:
Ashenzari
Cheibriados
Dithmenos
Elyvilon
Fedhas
Gozag
Hepliaklqana
Kikubaaqudgha
Makhleb
Nemelex Xobeh
Okawaru
Qazlal
Ru
Sif Muna
Trog
Uskayaw
Vehumet
Wu Jian
Xom
Yredelemnul
Zin
The Shining One

Shops:
D:3 (

Annotations:
D:8 1 runed translucent door, dvd2's ghost, novice GnDe


Innate Abilities, Weirdness & Mutations

You have a pair of horns on your head.
You reflexively headbutt those who attack you in melee.


Message History

The six-headed hydra bites you.
* * * LOW HITPOINT WARNING * * *
The six-headed hydra completely misses you.
The six-headed hydra bites you!
* * * LOW HITPOINT WARNING * * *
You feel much better. The six-headed hydra bites you.
The six-headed hydra bites you but does no damage. x2
The six-headed hydra bites you. The six-headed hydra bites you! x2
* * * LOW HITPOINT WARNING * * *
You feel much better.
The six-headed hydra closely misses you. x2
The six-headed hydra bites you. x2
The six-headed hydra bites you but does no damage.
The six-headed hydra bites you.
You slice one of the six-headed hydra's heads off!
The flame cauterises the wound!
You slash the five-headed hydra! You burn the five-headed hydra.
The five-headed hydra is heavily wounded.
The five-headed hydra barely misses you. x2
The five-headed hydra bites you. The five-headed hydra misses you.
The five-headed hydra bites you.
* * * LOW HITPOINT WARNING * * *
The five-headed hydra bites you!
* * * LOW HITPOINT WARNING * * *
The five-headed hydra closely misses you.
The five-headed hydra bites you but does no damage.
The five-headed hydra bites you.
* * * LOW HITPOINT WARNING * * *
The five-headed hydra bites you!
* * * LOW HITPOINT WARNING * * *
You can now pass through a line of other dancers.
Unknown command.
A red film seems to cover your vision as you go berserk!
You feel yourself moving faster!
You feel mighty! The five-headed hydra misses you.
The five-headed hydra bites you but does no damage.
The five-headed hydra closely misses you.
The five-headed hydra bites you but does no damage.
The five-headed hydra bites you!
You die...

...............
...<...........
...>...........
...............
...............
...............
(.......D......
####@#####
#........#
#........#
#........+
#........#
#........#
###########........#
.......[..#........#
..........#........#


You could see a five-headed hydra.

Vanquished Creatures
  Erolcha (D:10)
  Pikel (D:6)
  Joseph (D:7)
  Psyche (D:9)
  A komodo dragon (D:10)
  Maggie (D:6)
  2 trolls
  2 hornets
  Sigmund (D:6)
  7 yaks
  2 wyverns
  A shadow (D:9)
  3 steam dragons
  Grum (D:9)
  Menkaure (D:4)
  An acid dragon (D:9)
  Duvessa (D:4)
  7 orc warriors
  A sky beast (D:6)
  2 centaurs
  An ice beast (D:5)
  5 ogres
  2 black bears (D:4)
  4 wolves (D:9)
  2 phantoms
  3 kobold brigands
  5 bullfrogs
  5 gnoll sergeants (D:9)
  3 scorpions
  3 necrophages
  12 wights
  Dowan (D:4)
  3 killer bees (D:7)
  3 vampire bats (D:4)
  8 howler monkeys
  5 crimson imps (D:7)
  6 hounds
  5 jellies
  Crazy Yiuf (D:4)
  5 orc priests
  Ijyb (D:3)
  An iguana (D:6)
  8 orc wizards
  Terence (D:2)
  A gnoll (D:9)
  5 adders
  3 shadow imps
  4 white imps
  2 worms
  2 dart slugs
  35 orcs
  2 bat skeletons (D:4)
  3 bat zombies (D:4)
  6 endoplasms
  5 giant cockroaches
  7 hobgoblins
  7 jackals
  4 quokkas
  6 ball pythons
  6 bats
  2 frilled lizards
  8 goblins
  16 kobolds
  3 rats
258 creatures vanquished.

Vanquished Creatures (others)
  An orc (D:9)
  4 plants (D:4)
  4 toadstools (D:1)
9 creatures vanquished.

Grand Total: 267 creatures vanquished

Notes
Turn   | Place    | Note
-------+----------+-------------------------------------------
     0 | D:1      | Eitelfritz the Minotaur Fighter began the quest for the
                  | Orb.
     0 | D:1      | Reached XP level 1. HP: 19/19 MP: 0/0
    93 | D:1      | Reached XP level 2. HP: 27/27 MP: 1/1
   637 | D:1      | Reached XP level 3. HP: 34/34 MP: 2/2
  1242 | D:2      | Reached skill level 3 in Axes
  1333 | D:2      | Noticed Terence
  1342 | D:2      | Killed Terence
  1343 | D:2      | Reached XP level 4. HP: 20/41 MP: 3/3
  1569 | D:2      | Found a faded altar of an unknown god.
  1569 | D:2      | Noticed a golden eye
  1573 | D:2      | Noticed a shining eye
  1577 | D:2      | Noticed an eye of devastation
  1583 | D:2      | Noticed a floating eye
  1891 | D:3      | Found an opulent altar of Gozag.
  2167 | D:3      | Found Maileqae's Antique Weapon Emporium.
  2376 | D:3      | Noticed Ijyb
  2393 | D:3      | Killed Ijyb
  2930 | D:4      | Reached skill level 4 in Axes
  2935 | D:4      | Reached XP level 5. HP: 46/47 MP: 4/4
  2987 | D:4      | Reached skill level 1 in Dodging
  2999 | D:4      | Noticed Menkaure
  3007 | D:4      | Killed Menkaure
  3008 | D:4      | Reached skill level 5 in Fighting
  3008 | D:4      | Reached skill level 5 in Axes
  3008 | D:4      | Reached skill level 5 in Armour
  3008 | D:4      | Reached XP level 6. HP: 25/56 MP: 5/5
  3096 | D:4      | Found an iron altar of Okawaru.
  3178 | D:4      | Noticed Duvessa
  3178 | D:4      | Noticed Dowan
  3188 | D:4      | Killed Duvessa
  3194 | D:4      | Reached skill level 6 in Axes
  3203 | D:4      | Killed Dowan
  3208 | D:4      | Reached XP level 7. HP: 61/61 MP: 6/6
  3370 | D:4      | Found a glowing silver altar of Zin.
  3540 | D:4      | Reached skill level 7 in Axes
  3576 | D:4      | Found an ancient bone altar of Kikubaaqudgha.
  3833 | D:4      | Found a runed translucent door.
  3834 | D:4      | Noticed Crazy Yiuf
  3842 | D:4      | Identified a scroll of acquirement
  3842 | D:4      | Acquired the ring of Circularity {Fly rElec rPois rF-
                  | rCorr}
  3886 | D:4      | Killed Crazy Yiuf
  3981 | D:5      | Entered Level 5 of the Dungeon
  4026 | D:5      | Reached XP level 8. HP: 61/70 MP: 7/7
  4030 | D:5      | Reached skill level 8 in Axes
  4076 | D:5      | Reached skill level 5 in Shields
  4290 | D:5      | Reached skill level 9 in Axes
  4670 | D:6      | Found a blossoming altar of Fedhas.
  4682 | D:6      | Noticed Maggie
  4695 | D:6      | Killed Maggie
  4848 | D:6      | Noticed Pikel
  4869 | D:6      | Killed Pikel
  4870 | D:6      | Reached skill level 10 in Axes
  4870 | D:6      | Reached XP level 9. HP: 77/79 MP: 8/8
  4919 | D:6      | Got the Parchment of Clouds
  5002 | D:6      | Reached skill level 11 in Axes
  5254 | D:6      | Noticed Sigmund
  5265 | D:6      | Killed Sigmund
  6124 | D:7      | Reached XP level 10. HP: 80/90 MP: 9/9
  6138 | D:7      | Reached skill level 12 in Axes
  6312 | D:7      | Found a sacrificial altar of Ru.
  6654 | D:7      | Noticed Joseph
  6673 | D:7      | HP: 4/91 [Joseph/+0 quarterstaff (10)]
  6677 | D:7      | Killed Joseph
  6762 | D:7      | Found a staircase to the Ecumenical Temple.
  6774 | D:7      | Got Kynao's Codex of the Kinetic Zephyr
  6778 | Temple   | Entered the Ecumenical Temple
  6891 | Temple   | Became a worshipper of Uskayaw the Reveller
  7059 | D:7      | Reached * piety under Uskayaw
  7273 | D:3      | Bought a runed battleaxe for 228 gold pieces
  7505 | D:8      | Reached ** piety under Uskayaw
  7953 | D:8      | Found a runed translucent door.
  7958 | D:8      | Noticed dvd2's ghost (novice GnDe)
  8231 | D:9      | Reached skill level 1 in Invocations
  8367 | D:9      | Reached *** piety under Uskayaw
  8368 | D:9      | Reached **** piety under Uskayaw
  8370 | D:9      | Reached skill level 13 in Axes
  8370 | D:9      | Reached skill level 1 in Stealth
  8371 | D:9      | Reached ***** piety under Uskayaw
  8403 | D:9      | Noticed Grum
  8413 | D:9      | Killed Grum
  8617 | D:9      | Noticed Psyche
  8621 | D:9      | Killed Psyche
  8622 | D:9      | Reached XP level 11. HP: 99/99 MP: 10/12
  8789 | D:9      | Found a staircase to the Orcish Mines.
  8808 | D:9      | Reached ****** piety under Uskayaw
  9126 | D:10     | Entered Level 10 of the Dungeon
  9145 | D:10     | Noticed Erolcha
  9152 | D:10     | Killed Erolcha
  9153 | D:10     | Reached skill level 10 in Fighting
  9153 | D:10     | Reached skill level 14 in Axes
  9874 | D:11     | Noticed an eight-headed hydra
  9880 | D:11     | HP: 2/100 [five-headed hydra (12)]
  9881 | D:11     | Slain by a five-headed hydra

Illustrated notes

Levels and vault maps discovered:
D:1:      ldierk_walled_garden_2, layout_basic, kennysheep_minor_cross,
          hangedman_decor_diamond_cutter, minmay_misc_feat_room
D:2:      layout_basic, hellmonk_ecumenical_altar_watching_god, uniq_terence
D:3:      layout_basic, grunt_gozag_statues, serial_shops, nicolae_shop_trees,
          uniq_ijyb
D:4:      layout_gridville, kennysheep_vampire_church, kennysheep_mini_moat,
          mainiacjoe_overflow_24_doors, serial_bayou, serial_bayou_crossing,
          serial_bayou_shore_a, serial_bayou_lake_a, serial_bayou_shore_b,
          uniq_menkaure, uniq_duvessa, uniq_crazy_yiuf_cottage
D:5:      layout_basic
D:6:      nicolae_cairo_tiling, layout_layer_cave, fedhas_ov_isle_minmay,
          grunt_ministairs_15, minivault_14, uniq_pikel, uniq_maggie,
          uniq_sigmund
D:7:      layout_loops_ring, nicolae_ru_sacrificial_ziggurat,
          minmay_temple_entry_offerings, minmay_nine_imps, uniq_joseph
D:8:      layout_basic, ebering_ghost_inner_flame, minmay_stone_trees_medium
D:9:      layout_loops_ring, kennysheep_orc_monster_closet_entryway, uniq_grum,
          uniq_psyche
D:10:     layout_gridville, uniq_erolcha
D:11:     layout_grid_maze, david_lair_shrubbed
Temple:   regret_index_temple_sphere_string

Skill      XL: |  1  2  3  4  5  6  7  8  9 10 11 |
---------------+----------------------------------+-----
Fighting       | 4 5 7 8 9 10 | 10.2
Armour         | 4 5 6 7 8 9 |  9.8
Axes           | 3 4 5 6 7 10 11 13 14 | 14.3
Shields        | 4 5 6 |  6.8
Dodging        | 1 2 3 4 |  4.3
Invocations    | 2 4 |  4.1
Stealth        | 1 2 |  2.5
Ranged Weapons | |  0.1

Action                   |  1- 3 |  4- 6 |  7- 9 | 10-12 || total
-------------------------+-------+-------+-------+-------++-------
Melee: War axe           |    78 |    96 |   260 |    98 ||   532
       Headbutt          |    16 |     8 |    37 |    58 ||   119
       Battleaxe         |       |       |       |   169 ||   169
       Scimitar          |       |       |       |     3 ||     3
 Fire: Arbalest          |       |       |       |     5 ||     5
  Use: Potion            |       |     1 |       |     5 ||     6
       Scroll            |       |       |    13 |     8 ||    21
 Stab: Paralysed         |       |       |       |     8 ||     8
Armor: Scale mail        |    46 |     5 |     1 |   147 ||   199
       Chain mail        |       |    50 |   155 |       ||   205
       Plate armour      |       |       |     3 |       ||     3
Dodge: Dodged            |    46 |    39 |    94 |   132 ||   311
Block: Buckler           |    17 |    19 |    56 |    23 ||   115
